 Dungeon Crawl Stone Soup version 0.26-a0-665-gefeb406119 (webtiles) character file.

Game seed: 570263633614292491

19 Nivan the Skirmisher (level 2, -3/27 HPs)
             Began as a Palentonga Fighter on Oct 15, 2020.
             Slain by an adder (4 damage)
             ... on level 2 of the Dungeon.
             The game lasted 00:01:49 (364 turns).

Nivan the Skirmisher (Palentonga Fighter)            Turns: 364, Time: 00:01:54

Health: -3/27      AC:  6    Str: 19    XL:     2   Next: 55%
Magic:  2/2        EV:  5    Int:  8    God:
Gold:   41         SH:  8    Dex:  9    Spells: 1/1 levels left

rFire    . . .     SeeInvis +   a - +0 long sword
rCold    . . .     Faith    .   c - +0 kite shield
rNeg     . . .     Spirit   .   b - +0 scale mail
rPois    .         Reflect  .   (no helmet)
rElec    .         Harm     .   (no cloak)
rCorr    .         Rampage  .   (no gloves)
MR       .....                  (no barding)
Stlth    ..........             (no amulet)
HPRegen  0.09/turn              (no ring)
MPRegen  0.08/turn              (no ring)

@: lethally poisoned (-3 -> -13)
A: large, rugged brown scales 3, see invisible, deformed body, roll, armoured
tail
a: Rolling Charge


You were on level 2 of the Dungeon.
You visited 1 branch of the dungeon, and saw 2 of its levels.

You collected 41 gold pieces.

Inventory:

Hand Weapons
 a - a +0 long sword (weapon)
Armour
 b - a +0 scale mail (worn)
 c - a +0 kite shield (worn)
Potions
 d - a potion of might


   Skills:
 + Level 3.2 Fighting
 + Level 2.5 Long Blades
 + Level 2.5 Armour
 + Level 0.1 Dodging
 + Level 2.5 Shields


You had one spell level left.
You didn't know any spells.
Your spell library was empty.

Dungeon Overview and Level Annotations

Branches:
Dungeon (2/15)

Altars:


Innate Abilities, Weirdness & Mutations

You are completely covered in rugged brown scales. (AC +3, +7% HP)
You have supernaturally acute eyesight. (SInv)
Armour fits poorly on your strangely shaped body.
You can roll at foes to attack.
You have a long armoured tail.


Message History

You hit the worm.
The worm is almost dead.
You feel sick. The adder bites you.
You are more poisoned.
The adder poisons you!
A kobold comes into view. It is wielding a +0 club.
The worm barely misses you.
You miss the adder.
* * * LOW HITPOINT WARNING * * *
You feel sick.
The kobold shouts!
You hear a shout!
The adder barely misses you. You block the adder's attack.
You miss the adder.
* * * LOW HITPOINT WARNING * * *
You feel sick. The adder bites you.
* * * LOW HITPOINT WARNING * * *
The worm bites you.
* * * LOW HITPOINT WARNING * * *
The adder bites you.
You die...

........##.....#
........# 8...8
........# ##>##
........####### #######
..........##.# <(.....
.............####.......
############....#.[...?.
######..S......
#....$..@wK.....
#.#######....... ####.#.
.


You could see a worm, an adder and a kobold.

Vanquished Creatures
  2 oozes (D:1)
  A bat (D:1)
  A hobgoblin (D:1)
  3 jackals (D:1)
  A kobold (D:1)
  A frilled lizard (D:1)
  A goblin (D:2)
10 creatures vanquished.

Notes
Turn   | Place    | Note
-------+----------+-------------------------------------------
     0 | D:1      | Nivan the Palentonga Fighter began the quest for the Orb.
     0 | D:1      | Reached XP level 1. HP: 20/20 MP: 1/1
    82 | D:1      | Reached XP level 2. HP: 20/27 MP: 2/2
   317 | D:1      | You fall into a shaft and drop 1 floor!
   364 | D:2      | HP: 1/27 [worm (4)]
   364 | D:2      | Slain by an adder

Illustrated notes

Levels and vault maps discovered:
D:1:      tarquinn_simple_flora_water_c, layout_rooms
D:2:      layout_rooms, nicolae_overflow_hidden_temple

Action                   || total
-------------------------++-------
Melee: Long sword        ||    33
       Tailslap          ||     2
Armor: Scale mail        ||    36
Dodge: Dodged            ||    12
Block: Kite shield       ||    26
       Rpst.: Long sword ||     5

Table legend: (Time is in decaauts)
 A = Elapsed time spent in this place.
 B = Non-inter-level travel time spent in this place.
 C = Inter-level travel time spent in this place.
 D = Time resting spent in this place.
 E = Time spent auto-exploring this place.
 F = Levels seen in this place.
 G = Mean time per level.
                   A        B        C        D        E       F      G
               +--------+--------+--------+--------+--------+-----+--------+
         Total |    374 |    374 |      0 |    201 |     43 |   2 |  187.0 |
       Dungeon |    374 |    374 |      0 |    201 |     43 |   2 |  187.0 |
               +--------+--------+--------+--------+--------+-----+--------+

Top non-repeatable levels by time:
     D:1: 324 daAuts
     D:2: 50 daAuts
